cohdb
Replays
Latest Replays
All Replays
Popular Replays
Top Player Replays
Match Explorer
How It Works
Community
CoH3 Stats
Reddit
Sign in to upload your games and track your stats! →
Sign in with Steam
Match 43014978
Unlisted
Match 43014978
Overview
Messages
Build Orders
End
Vickers Machine Gun Team
Construct Section Command Post
Infantry Section
Infantry Section
Infantry Section
Construct Platoon Command Post
Humber Armored Car
6-pounder Anti-tank Gun Team
Construct Field Infirmary
Selects Indian Artillery Battlegroup
Selects Indian Artillery Battlegroup
Selects War Cry
Selects Gurkha Rifles Section
Gurkha Rifles Section
STALKER4732
kit.ohume
Devochkin
rickysheuS03
Flaregun
Hu®®ama™
0
0
Comments
sign in to comment!
No comments posted yet!